 Dungeon Crawl Stone Soup version 0.31.0-32-g396128a36d (webtiles) character file.

Game seed: 15996372920971819338

20255 spaghetti the Fighter (level 12, -7/128 HPs)
             Began as a Naga Berserker on Mar 27, 2024.
             Was a Priest of Trog.
             Mangled by a two-headed ogre
             ... wielding a +0 giant club
              (12 damage)
             ... on level 13 of the Dungeon.
             The game lasted 00:17:54 (12210 turns).

spaghetti the Fighter (Naga Berserker)             Turns: 12210, Time: 00:17:54

Health: -7/128     AC: 16    Str: 36    XL:     12   Next: 77%
Magic:  12/12      EV: 13    Int: 10    God:    Trog [***...]
Gold:   434        SH:  8    Dex: 10    Spells: 11/11 levels left

rFire   + . .        e - +8 eveningstar (holy)
rCold   . . .        A - +0 kite shield
rNeg    . . .        G - +5 scale mail of the Narrow God {^Contam Fly rPois Str+7}
rPois   +            f - +1 hat {Int+3}
rElec   .            k - +0 cloak
rCorr   .            (no gloves)
SInv    +            (no barding)
Will    ++...        q - amulet of regeneration Stlth
                     h - ring "Jomoyt" {rPois Will- EV+5 Str+5 Int-2}
HPRegen 3.01/turn    u - ring of protection from fire
MPRegen 0.13/turn

%: no passive effects
@: strong-willed (expiring), on berserk cooldown, flying, regenerating
(expiring), slowed, very slow
A: AC +4, large, see invisible, deformed body, poison resistance, slowness 2,
spit poison 1, naga tail 1, regeneration 1
a: Spit Poison, Renounce Religion, Berserk, Trog's Hand


You were on level 13 of the Dungeon.
You worshipped Trog.
Trog was most pleased with you.
You visited 1 branch of the dungeon, and saw 13 of its levels.

You collected 902 gold pieces.
You spent 468 gold pieces at shops.

Inventory:

Hand Weapons
 e - a +8 eveningstar of holy wrath (weapon)
 x - a +0 halberd of venom
Missiles
 o - 7 silver javelins
 v - 6 curare-tipped darts
 I - 3 throwing nets
Armour
 f - a +1 hat of intelligence (worn)
 k - a +0 cloak (worn)
 A - a +0 kite shield (worn)
 G - the +5 scale mail of the Narrow God (worn) {^Contam Fly rPois Str+7}
   (You bought it in a shop on level 13 of the Dungeon)

   Str+7:     It affects your strength (+7).
   rPois:     It protects you from poison Fly: It grants you flight.
   ^Contam:   It causes magical contamination when unequipped.
Jewellery
 b - a ring of protection from fire
 h - the ring "Jomoyt" (left hand) {rPois Will- EV+5 Str+5 Int-2}
   (You acquired it on level 5 of the Dungeon)

   [ring of evasion]

   EV+5:      It affects your evasion (+5).
   Str+5:     It affects your strength (+5).
   Int-2:     It affects your intelligence (-2).
   rPois:     It protects you from poison Will-: It decreases your willpower.
 p - a +6 ring of intelligence
 q - an amulet of regeneration (around neck)
 u - a ring of protection from fire (right hand)
 E - an amulet of magic regeneration
 H - an amulet of guardian spirit
Wands
 g - a wand of iceblast (28)
 j - a wand of charming (25)
 s - a wand of flame (28)
 K - a wand of acid (3)
 L - a wand of mindburst (6)
Scrolls
 a - 2 scrolls of poison
 d - 5 scrolls of immolation
 i - 4 scrolls of fog
 l - 7 scrolls of teleportation
 n - 2 scrolls of torment
 r - 2 scrolls of brand weapon
 t - 3 scrolls of revelation
 y - a scroll of vulnerability
 z - a scroll of silence
 P - a scroll of fear
Potions
 c - 4 potions of haste
 m - 7 potions of curing
 w - a potion of attraction
 B - 2 potions of brilliance
 C - a potion of resistance
 D - a potion of berserk rage
 F - 2 potions of lignification
 J - a potion of heal wounds
 M - a potion of invisibility
 O - 2 potions of mutation
Miscellaneous
 N - a phial of floods (inert)


   Skills:
 - Level 14.2 Fighting
 + Level 4.1 Maces & Flails
 - Level 3.0 Polearms
 - Level 6.0 Throwing
 - Level 8.5 Armour
 - Level 3.5 Dodging
 + Level 3.4 Shields
 - Level 7.0 Evocations


You had 11 spell levels left.
You didn't know any spells.
Your spell library was empty.

Dungeon Overview and Level Annotations

Branches:
Dungeon (13/15)            Temple (0/1) D:7            Lair (0/5) D:10
    Orc (0/2) D:9
 Vaults: D:13-14

Altars:
Ashenzari
Dithmenos
Hepliaklqana
Ru
Trog
Vehumet
Wu Jian

Shops:
D:5 :   D:8 (   D:12 =:=(?   D:13 *

Portals:
Abyss: D:10

Annotations:
D:6 1 runed translucent door
D:10 2 transporters, exclusion: statue, hawla's ghost, journeyman MiMo
D:12 3 runed translucent doors, Reimuokh's ghost, journeyman GnFi


Innate Abilities, Weirdness & Mutations

Your serpentine skin is tough. (AC +4)
You have supernaturally acute eyesight. (SInv)
Armour fits poorly on your strangely shaped body.
Your system is resistant to poisons. (rPois)
You cover ground very slowly.
You can spit poison.
You have a snake-like lower body.
Your natural rate of healing is unusually fast.


Message History

The two-headed ogre barely misses you.
The two-headed ogre hits you with a +0 giant club!
* * * LOW HITPOINT WARNING * * *
You block the troll's attack. x2; The troll misses you.
Your Maces & Flails skill increases to level 4!
Your Shields skill increases to level 3!
You impale the troll!!
The troll is severely wounded.
A cyclops comes into view.
The two-headed ogre hits you but does no damage. x2
The two-headed ogre hits you with a +0 giant club.
* * * LOW HITPOINT WARNING * * *
The two-headed ogre misses you. You block the troll's attack.
The troll claws you but does no damage. You block the troll's attack.
The cyclops shouts!
You flatten the troll like a pancake!!!
You kill the troll!
Trog accepts your kill.
You feel the effects of Trog's Hand fading.
You completely miss the two-headed ogre.
You block the two-headed ogre's attack.
The two-headed ogre hits you but does no damage.
The two-headed ogre hits you with a +0 giant club.
* * * LOW HITPOINT WARNING * * *
You block the two-headed ogre's attack.
You impale the two-headed ogre!!
The two-headed ogre is moderately wounded.
You bludgeon the two-headed ogre!!
The two-headed ogre is severely wounded.
You are no longer berserk.
You are exhausted.
You feel yourself slow down.
The two-headed ogre hits you with a +0 giant club!!
* * * LOW HITPOINT WARNING * * *
The two-headed ogre misses you.
The two-headed ogre hits you with a +0 giant club.
* * * LOW HITPOINT WARNING * * *
The two-headed ogre barely misses you.
The two-headed ogre hits you with a +0 giant club!
You die...

...... ......'
.....C########
.............# #########
.............# .........
.............# .........
......OOO....+ .........
......$@.....# .........
.............# .........
......>.††...#########'#
........................
##......................
#......................
#......?.<.............
#......................
#...^..................


You could see 3 two-headed ogres and a cyclops.

Vanquished Creatures
  Jorgrun (D:12)
  Gastronok (D:8)
  Harold (D:10)
  An ogre mage (D:13)
  3 two-headed ogres
  Urug (D:10)
  Pikel (D:7)
  A deep elf pyromancer (D:12)
  2 cyclopes (D:11)
  A manticore (D:11)
  A gargoyle (D:11)
  Joseph (D:9)
  An unseen horror (D:12)
  Maggie (D:6)
  2 kobold demonologists (D:9)
  A komodo dragon (D:12)
  An efreet (D:13)
  A polar bear (D:9)
  3 trolls
  Grinder (D:6)
  2 wyverns
  2 shadows
  A vampire (D:11)
  Sigmund (D:3)
  11 yaks
  2 wraiths
  Eustachio (D:5)
  A steam dragon (D:9)
  3 redbacks (D:6)
  An unseen horror simulacrum (D:9)
  3 acid dragons
  Duvessa (D:7)
  2 water moccasins
  3 ice beasts
  3 orc warriors
  2 black bears
  2 ogres
  2 wolves (D:9)
  4 centaurs
  A lemure (D:7)
  A kobold brigand (D:10)
  Blork the orc (D:6)
  A gnoll sergeant (D:6)
  3 bullfrogs
  11 scorpions
  Dowan (D:7)
  6 killer bees (D:6)
  7 howler monkeys
  An electric eel (D:10)
  2 bombardier beetles
  A lava snake (D:7)
  5 hounds
  11 orc priests
  Crazy Yiuf (D:2)
  2 gnoll boudas
  Jessica (D:2)
  A sleepcap (D:8)
  Ijyb (D:3)
  Natasha (twice) (D:3)
  An iguana (D:4)
  11 orc wizards
  2 centaur simulacra (D:9)
  A killer bee simulacrum (D:9)
  20 gnolls
  12 adders
  A shadow imp (D:5)
  A howler monkey simulacrum (D:9)
  2 white imps (D:7)
  3 dart slugs
  43 orcs
  4 endoplasms
  2 giant cockroaches
  3 goblins
  8 hobgoblins
  4 jackals (D:4)
  8 kobolds
  3 quokkas
  8 ball pythons
  3 bats
  3 frilled lizards (D:3)
  3 rats
  A spectral hobgoblin (D:5)
280 creatures vanquished.

Vanquished Creatures (collateral kills)
  2 yaks (D:8)
  An orc warrior (D:9)
  A kobold brigand (D:8)
  14 orcs
  6 kobolds (D:8)
24 creatures vanquished.

Grand Total: 304 creatures vanquished

Notes
Turn   | Place    | Note
-------+----------+-------------------------------------------
     0 | D:1      | spaghetti the Naga Berserker began the quest for the Orb.
     0 | D:1      | Reached XP level 1. HP: 21/21 MP: 1/1
    74 | D:1      | Reached XP level 2. HP: 28/28 MP: 2/2
   573 | D:2      | Reached skill level 4 in Fighting
   573 | D:2      | Reached XP level 3. HP: 32/36 MP: 3/3
  1026 | D:2      | Noticed Jessica
  1030 | D:2      | Killed Jessica
  1031 | D:2      | Reached XP level 4. HP: 39/45 MP: 4/4
  1032 | D:2      | Reached ** piety under Trog
  1033 | D:2      | Reached skill level 5 in Fighting
  1224 | D:2      | Found a faded altar of an unknown god.
  1392 | D:2      | Found a runed translucent door.
  1393 | D:2      | Noticed Crazy Yiuf
  1400 | D:2      | Killed Crazy Yiuf
  1644 | D:3      | Noticed an ice beast
  1655 | D:3      | Killed an ice beast
  1656 | D:3      | Reached skill level 6 in Fighting
  1656 | D:3      | Reached XP level 5. HP: 48/55 MP: 5/5
  1930 | D:3      | Noticed Natasha
  1943 | D:3      | Killed Natasha
  1944 | D:3      | Reached XP level 6. HP: 45/63 MP: 6/6
  2113 | D:3      | Noticed Sigmund
  2117 | D:3      | Gained mutation: Your body sometimes deteriorates upon
                  | taking damage. [potion of mutation]
  2117 | D:3      | Gained mutation: You do not regenerate when monsters are
                  | visible. [potion of mutation]
  2117 | D:3      | Gained mutation: You are somewhat resistant to further
                  | mutation. [potion of mutation]
  2122 | D:3      | Killed Sigmund
  2123 | D:3      | Reached skill level 7 in Fighting
  2134 | D:3      | Noticed Ijyb
  2136 | D:3      | Lost mutation: You are somewhat resistant to further
                  | mutation. [potion of mutation]
  2136 | D:3      | Lost mutation: You do not regenerate when monsters are
                  | visible. [potion of mutation]
  2136 | D:3      | Lost mutation: Your body sometimes deteriorates upon taking
                  | damage. [potion of mutation]
  2136 | D:3      | Gained mutation: Your natural rate of healing is unusually
                  | fast. [potion of mutation]
  2145 | D:3      | Killed Ijyb
  2178 | D:3      | Reached XP level 7. HP: 73/73 MP: 7/7
  2211 | D:3      | Noticed Natasha
  2218 | D:3      | Killed Natasha
  2498 | D:4      | Reached skill level 8 in Fighting
  2853 | D:4      | Reached skill level 9 in Fighting
  2974 | D:4      | Found a sacrificial altar of Ru.
  3118 | D:4      | Found a bloodstained altar of Trog.
  3119 | D:4      | Found an ornate altar of the Wu Jian Council.
  3255 | D:5      | Entered Level 5 of the Dungeon
  3264 | D:5      | Identified a scroll of acquirement
  3264 | D:5      | Acquired the ring "Jomoyt" {rPois Will- EV+5 Str+5 Int-2}
  3277 | D:5      | Found Zecrurur's Book Emporium.
  3292 | D:5      | Reached XP level 8. HP: 85/85 MP: 8/8
  3386 | D:5      | Noticed Eustachio
  3409 | D:5      | Killed Eustachio
  3410 | D:5      | Reached skill level 10 in Fighting
  3466 | D:5      | Found a shadowy altar of Dithmenos.
  3935 | D:5      | Found a hazy altar of Hepliaklqana.
  4029 | D:6      | Noticed Maggie
  4052 | D:6      | Killed Maggie
  4052 | D:6      | Reached *** piety under Trog
  4164 | D:6      | Reached skill level 11 in Fighting
  4172 | D:6      | Reached XP level 9. HP: 97/97 MP: 9/9
  4317 | D:6      | Noticed Grinder
  4323 | D:6      | Paralysed by Grinder for 2 turns
  4327 | D:6      | Killed Grinder
  4410 | D:6      | Found a runed translucent door.
  4420 | D:6      | Found a runed translucent gate.
  4420 | D:6      | Found a runed translucent gate.
  4421 | D:6      | Found a runed translucent door.
  4434 | D:6      | Found a runed translucent gate.
  4672 | D:6      | Noticed Blork the orc
  4683 | D:6      | Killed Blork the orc
  4778 | D:6      | Reached skill level 5 in Armour
  4785 | D:6      | Reached skill level 12 in Fighting
  4833 | D:6      | Reached XP level 10. HP: 85/108 MP: 10/10
  4961 | D:7      | Noticed Dowan
  4964 | D:7      | Noticed Duvessa
  4970 | D:7      | Killed Dowan
  4982 | D:7      | Killed Duvessa
  5089 | D:7      | Found a staircase to the Ecumenical Temple.
  5099 | D:7      | Noticed Pikel
  5120 | D:7      | Killed Pikel
  5121 | D:7      | Reached skill level 1 in Throwing
  5121 | D:7      | Reached skill level 1 in Evocations
  5898 | D:8      | Noticed Gastronok
  6184 | D:8      | Killed Gastronok
  6185 | D:8      | Reached skill level 13 in Fighting
  6379 | D:8      | Reached **** piety under Trog
  6415 | D:8      | Found Cerot's Antique Weapon Emporium.
  6595 | D:8      | Reached XP level 11. HP: 87/117 MP: 11/11
  6869 | D:9      | Noticed a sun demon
  7346 | D:9      | Reached skill level 5 in Evocations
  7415 | D:9      | Noticed a two-headed ogre
  7425 | D:9      | Killed a two-headed ogre
  7771 | D:9      | Found a staircase to the Orcish Mines.
  7859 | D:9      | Noticed Joseph
  7868 | D:9      | Killed Joseph
  7873 | D:9      | Reached skill level 5 in Throwing
  8018 | D:10     | Entered Level 10 of the Dungeon
  8247 | D:10     | Found a staircase to the Lair.
  8286 | D:10     | Noticed Harold
  8289 | D:10     | Found a broken altar of Ashenzari.
  8312 | D:10     | Killed Harold
  8588 | D:10     | Found a radiant altar of Vehumet.
  8719 | D:10     | Noticed Urug
  9018 | D:11     | Noticed a cyclops
  9028 | D:11     | Killed a cyclops
  9101 | D:11     | Reached XP level 12. HP: 127/127 MP: 12/12
  9381 | D:11     | Reached skill level 14 in Fighting
  9408 | D:11     | Noticed a two-headed ogre
  9421 | D:11     | Killed a two-headed ogre
  9969 | D:12     | Found Omibboc's Jewellery Emporium.
  9979 | D:12     | Found Qiplac's Jewellery Shoppe.
  9995 | D:12     | Found Bynejatu's Book Emporium.
  9999 | D:12     | Found Ynuraam's Weapon Shop.
 10071 | D:12     | Found a runed translucent gate.
 10071 | D:12     | Found a runed translucent gate.
 10072 | D:12     | Found a runed translucent gate.
 10074 | D:12     | Noticed Reimuokh's ghost (journeyman GnFi)
 10444 | D:12     | Noticed Jorgrun
 10470 | D:13     | Found Gidd's Assorted Antiques.
 10754 | D:13     | Bought a steaming scale mail for 306 gold pieces
 10754 | D:13     | Identified the +5 scale mail of the Narrow God {^Contam Fly
                  | rPois Str+7} (You bought it in a shop on level 13 of the
                  | Dungeon)
 11040 | D:10     | Noticed a thrashing horror
 11051 | D:10     | Found a transporter.
 11055 | D:10     | Noticed an occultist
 11063 | D:10     | Found a one-way gate to the infinite horrors of the Abyss.
 11078 | D:10     | Found a transporter.
 11084 | D:10     | Noticed a rakshasa
 11086 | D:10     | Killed Urug
 11106 | D:10     | Noticed hawla's ghost (journeyman MiMo)
 11170 | D:10     | Reached skill level 1 in Maces & Flails
 11835 | D:12     | Found Foeneoq's Magic Scroll Shoppe.
 11842 | D:12     | Bought a scroll of teleportation for 54 gold pieces
 11842 | D:12     | Bought a scroll of teleportation for 54 gold pieces
 11842 | D:12     | Bought a scroll of teleportation for 54 gold pieces
 11918 | D:12     | Killed Jorgrun
 12191 | D:13     | Noticed an ogre mage
 12192 | D:13     | Noticed a two-headed ogre
 12195 | D:13     | Noticed a two-headed ogre
 12197 | D:13     | Noticed a two-headed ogre
 12202 | D:13     | Killed an ogre mage
 12203 | D:13     | Noticed a two-headed ogre
 12205 | D:13     | Killed a two-headed ogre
 12210 | D:13     | HP: 5/128 [two-headed ogre/+0 giant club (2)]
 12210 | D:13     | Mangled by a two-headed ogre

Illustrated notes

Levels and vault maps discovered:
D:1:      dpeg_arrival_fog, layout_rooms
D:2:      layout_basic, ebering_ecumenical_altar_ruins,
          chequers_serial_rivers_large_a, uniq_crazy_yiuf_cottage, uniq_jessica
D:3:      layout_basic, uniq_ijyb, uniq_sigmund, uniq_natasha
D:4:      layout_loops_ring, nicolae_ru_the_path_less_chosen,
          gammafunk_temple_overflow_statue, kennysheep_generic_room_9
D:5:      layout_cave_pools, grunt_dithmenos_shadows,
          nicolae_hepliaklqana_monster_ancestors, serial_shops,
          nicolae_shop_hallway_plus, serial_bayou_lagoon_b, uniq_eustachio
D:6:      layout_loops_ring, minmay_guarded_unrand_staff_of_olgreb, uniq_maggie,
          uniq_grinder, uniq_blork_the_orc
D:7:      layout_rooms, minmay_temple_entry_ruins, kennysheep_diamond,
          uniq_duvessa, uniq_pikel
D:8:      layout_cave_pools, chequers_serial_rivers_room_a, serial_park_tiny_1,
          kennysheep_windowed_goal, uniq_gastronok
D:9:      layout_roguey, hiddenorc2_lemuel, serial_ice, serial_ice_d,
          serial_ice_b, serial_ice_m, serial_ice_k, uniq_joseph
D:10:     layout_stronghold, ashenzari_conservatory_becter, vehumet_statue,
          dpeg_oklobed_lair, gammafunk_ghost_abyssal_escape, fungi_pond_lemuel,
          uniq_harold, uniq_urug
D:11:     layout_irregular_city
D:12:     layout_roguey, serial_shops, nicolae_shop_window_shopping,
          nicolae_shop_gaudy_bauble, nicolae_shop_statue_plus, shop,
          kennysheep_mini, gammafunk_ghost_necromancy, uniq_jorgrun
D:13:     layout_stronghold, grunt_vaults_entry_fortified, serial_shops, shop

Skill      XL: |  1  2  3  4  5  6  7  8  9 10 11 12 |
---------------+-------------------------------------+-----
Fighting       | 4 6 7 9 11 12 13 14 | 14.2
Armour         | 3 5 7 8 |  8.5
Throwing       | 3 5 6 |  6.0
Evocations     | 3 6 7 |  7.0
Dodging        | 2 3 |  3.5
Maces & Flails | 4 |  4.1
Shields        | 3 |  3.4
Polearms       | |  3.0

Action                     |  1- 3 |  4- 6 |  7- 9 | 10-12 || total
---------------------------+-------+-------+-------+-------++-------
  Melee: Spear             |   102 |    71 |   401 |   120 ||   694
         Punch             |       |       |     3 |     1 ||     4
         Halberd           |       |       |       |   526 ||   526
         Eveningstar       |       |       |       |    38 ||    38
 Invoke: Berserk           |     1 |     3 |     3 |    21 ||    28
         Trog's Hand       |       |       |     2 |    12 ||    14
         Brothers in Arms  |       |       |       |     4 ||     4
Ability: Spit Poison       |       |     1 |       |       ||     1
  Evoke: Wand              |       |       |       |    14 ||    14
         Phial of floods   |       |       |       |     1 ||     1
    Use: Scroll            |       |     4 |     5 |    17 ||    26
         Potion            |       |     5 |     2 |    11 ||    18
   Stab: Sleeping          |     1 |       |     1 |       ||     2
         Distracted        |       |       |     1 |       ||     1
         Invisible         |       |       |       |     1 ||     1
 Armour: Animal skin       |    56 |    41 |   111 |       ||   208
         Skin              |       |     1 |       |       ||     1
         Acid dragon scale |       |       |    92 |   526 ||   618
         Scale mail        |       |       |       |   188 ||   188
  Dodge: Dodged            |    41 |    28 |   205 |   640 ||   914
  Block: Kite shield       |       |       |       |    15 ||    15
